 Dungeon Crawl Stone Soup version 0.28.0 (webtiles) character file.

Game seed: 16454456111664897551

18 Hasart the Shield-Bearer (level 2, -1/22 HPs)
             Began as a Demigod Fighter on Feb 16, 2022.
             Slain by an adder (2 damage)
             ... on level 2 of the Dungeon.
             The game lasted 00:01:16 (813 turns).

Hasart the Shield-Bearer (Demigod Fighter)           Turns: 813, Time: 00:01:17

Health: -1/22      AC:  9    Str: 17    XL:     2   Next: 36%
Magic:  4/4        EV:  9    Int:  8    God:
Gold:   26         SH:  4    Dex: 13    Spells: 1/1 levels left

rFire   . . .      SeeInvis .   a - +0 war axe
rCold   . . .      Faith    .   c - +0 buckler
rNeg    . . .      Spirit   .   b - +0 scale mail
rPois   .          Reflect  .   (no helmet)
rElec   .          Harm     .   h - +0 cloak
rCorr   .          Rampage  .   (no gloves)
Will    .....                   (no boots)
Stlth   ..........              (no amulet)
HPRegen 0.07/turn               (no ring)
MPRegen 0.09/turn               (no ring)

@: lethally poisoned (-1 -> -2)
A: high MP 1, forlorn, divine attributes, iridescent scales 1, dopey 1, frail 1
a: no special abilities


You were on level 2 of the Dungeon.
You visited 1 branch of the dungeon, and saw 2 of its levels.

You collected 26 gold pieces.

Inventory:

Hand Weapons
 a - a +0 war axe (weapon)
Armour
 b - a +0 scale mail (worn)
 c - a +0 buckler (worn)
 h - a +0 cloak (worn)
Scrolls
 e - a scroll of immolation {unknown}
 g - a scroll of amnesia {unknown}
Potions
 d - a potion of might
 i - a potion of degeneration {unknown}


   Skills:
 + Level 2.8 Fighting
 * Level 2.2 Axes
 + Level 2.8 Armour
 + Level 0.5 Dodging
 + Level 2.9 Shields


You had one spell level left.
You didn't know any spells.
Your spell library contained the following spells:

 Spells                   Type           Power      Damage    Failure   Level
 Freeze                   Ice            0%         1d3       88%         1
 Frozen Ramparts          Ice            0%         1d2       99%         3
 Hailstorm                Conj/Ice       0%         3d3       100%        4


Dungeon Overview and Level Annotations

Branches:
Dungeon (2/15)

Shops:
D:1 (


Innate Abilities, Weirdness & Mutations

You have an increased reservoir of magic. (+10% MP)
You shall have no god before yourself.
Your divine heritage dramatically boosts your attributes as you level up.
You are partially covered in iridescent scales. (AC +2)
You are dopey. (Int -2)
You are frail. (-10% HP)


Message History

You barely miss the jackal. The jackal bites you. The jackal barely misses you.
You slash the jackal!
You kill the jackal!
You block the adder's attack.
You closely miss the adder. The adder closely misses you. The adder bites you.
You are poisoned.
The adder poisons you!
You hit the adder but do no damage.
You feel sick. The adder bites you but does no damage. The adder bites you.
You miss the adder.
You feel sick.
The adder bites you but does no damage. x2
You hit the adder.
The adder is lightly wounded.
You feel sick.
You are no longer poisoned.
The adder bites you.
You are poisoned.
The adder poisons you! The adder bites you.
You miss the adder.
The adder is lightly wounded.
* * * LOW HITPOINT WARNING * * *
You feel very sick. The adder bites you.
* * * LOW HITPOINT WARNING * * *
The adder misses you.
It was a potion of mutation.
You feel extremely strange.
You feel frail.
You feel stupid.
Iridescent scales grow over part of your body.
* * * LOW HITPOINT WARNING * * *
You feel sick. The adder barely misses you.
Okay, then.
You barely miss the adder.
The adder is lightly wounded.
* * * LOW HITPOINT WARNING * * *
You feel sick. You block the adder's attack.
The adder bites you but does no damage.
You hit the adder.
The adder is heavily wounded.
* * * LOW HITPOINT WARNING * * *
You feel sick. The adder bites you.
You die...

### ## ..# .. #.#
.# ... .# #.#
########.#
#.#######....@Sh.#
#.#.......#####h.#
##.#.####### #..#
###....### #..#
....†....# #..S
.##...##.# #....
.###......# ......
†# #####..#
....... .# ..
........


You could see an adder and 2 jackals.

Vanquished Creatures
  4 ball pythons
  A giant cockroach (D:2)
  2 jackals (D:2)
  2 kobolds (D:1)
  2 quokkas (D:1)
  2 bats (D:2)
  2 frilled lizards (D:2)
  2 rats (D:1)
17 creatures vanquished.

Notes
Turn   | Place    | Note
-------+----------+-------------------------------------------
     0 | D:1      | Hasart the Demigod Fighter began the quest for the Orb.
     0 | D:1      | Reached XP level 1. HP: 18/18 MP: 3/3
   478 | D:1      | Found Omecseg's Antique Weapon Shop.
   640 | D:2      | Reached XP level 2. HP: 23/25 MP: 4/4
   811 | D:2      | Gained mutation: You are frail. (-10% HP) [potion of
                  | mutation]
   811 | D:2      | Gained mutation: You are dopey. (Int -2) [potion of
                  | mutation]
   811 | D:2      | Gained mutation: You are partially covered in iridescent
                  | scales. (AC +2) [potion of mutation]
   813 | D:2      | HP: 1/22 [poisoned by an adder]
   813 | D:2      | Slain by an adder

Illustrated notes

Levels and vault maps discovered:
D:1:      matt_arrival_grand_opening, layout_rooms, serial_shops,
          nicolae_shop_trees
D:2:      layout_loops_ring, uniq_crazy_yiuf_cottage

Skill      XL: |  1 |
---------------+----+-----
Axes           | 2 |  2.2
Fighting       | |  2.8
Armour         | |  2.8
Dodging        | |  0.5
Shields        | |  2.9

Action                   || total
-------------------------++-------
Melee: War axe           ||    61
  Use: Potion            ||     1
Armor: Scale mail        ||    35
Dodge: Dodged            ||    41
Block: Buckler           ||     9
